 Dungeon Crawl Stone Soup version 0.30-a0-172-gc5509c9e31 (webtiles) character file.

Game seed: 9272360444774702534

70 qw the Chopper (level 4, 0/28 HPs)
             Began as a Gargoyle Fighter on Oct 1, 2022.
             Slain by Sigmund
             ... wielding a +0 vorpal scythe
              (9 damage)
             ... on level 3 of the Dungeon.
             The game lasted 00:00:38 (2040 turns).

qw the Chopper (Gargoyle Fighter)                   Turns: 2040, Time: 00:00:38

Health: 0/28       AC: 12    Str: 21    XL:     4   Next: 22%
Magic:  4/4        EV:  9    Int:  9    God:
Gold:   77         SH:  0    Dex:  9    Spells: 3/3 levels left

rFire   . . .      SeeInvis .    Y - +0 war axe
rCold   . . .      Faith    .    c - +0 buckler
rNeg    + . .      Spirit   .    b - +0 scale mail
rPois   inf        Reflect  .    (no helmet)
rElec   +          Harm     .    (no cloak)
rCorr   .          Rampage  .    (no gloves)
Will    .....                    (no boots)
Stlth   ..........               (no amulet)
HPRegen 0.24/turn                (no ring)
MPRegen 0.09/turn                (no ring)

@: confused
A: sickness immunity, AC +3, negative energy resistance 1, electricity
resistance, torment resistance 1, petrification resistance, talons 1, iridescent
scales 1
a: no special abilities


You were on level 3 of the Dungeon.
You visited 1 branch of the dungeon, and saw 3 of its levels.

You collected 77 gold pieces.


Innate Abilities, Weirdness & Mutations

You are immune to sickness and miasma.
Your stone body is resilient. (AC +3)
You are immune to poison.
You resist negative energy. (rN+)
You are resistant to electric shocks. (rElec)
You are resistant to unholy torment.
You are immune to petrification.
You have sharp toenails.
You are partially covered in iridescent scales. (AC +2)


   Skills:
 - Level 3.2 Fighting
 + Level 3.7 Axes
 - Level 1.0 Throwing
 - Level 3.2 Armour
 - Level 3.2 Shields


You had 3 spell levels left.
You didn't know any spells.
Your spell library was empty.

Inventory:

Hand Weapons
 i - a +0 flail
 Y - a +0 war axe (weapon)
Missiles
 j - 4 javelins (quivered)
Armour
 b - a +0 scale mail (worn)
 c - a +0 buckler (worn)
 k - a +0 chain mail
Jewellery
 h - a ring of ice
Scrolls
 a - 3 scrolls of teleportation
 l - a scroll of identify
Potions
 d - 3 potions of might
 e - a potion of mutation
 f - a potion of degeneration {unknown}
 g - a potion of curing {unknown}
 m - a potion of haste {unknown}

Dungeon Overview and Level Annotations

Branches:
Dungeon (3/15)

Altars:
Nemelex Xobeh
Uskayaw

Shops:
D:3 =

Annotations:
D:2 1 runed translucent door, Crazy Yiuf
D:3 Sigmund


Message History

You swing at nothing.
Something hits you but does no damage.
You swing at nothing.
Something hits you.
You swing at nothing.
Something hits you but does no damage.
You swing at nothing.
You swing at nothing.
Something hits you but does no damage.
You swing at nothing.
Something hits you.
You swing at nothing.
Something hits you but does no damage.
You swing at nothing.
You block something's attack.
You swing at nothing.
You block something's attack.
You swing at nothing.
Something hits you but does no damage.
You swing at nothing.
Something hits you but does no damage.
You swing at nothing.
A magic dart appears from out of thin air!
The magic dart hits you!
You swing at nothing.
Something hits you but does no damage.
You swing at nothing.
Something hits you but does no damage.
You swing at nothing.
You hear some strange, mumbled words.
You are confused.
You're too confused to attack without stumbling around!
There is a strange disturbance nearby!
Something hits you but does no damage.
You're too confused to attack without stumbling around!
There is a strange disturbance nearby!
You're too confused to attack without stumbling around!
There is a strange disturbance nearby!
Something hits you!
You die...

##### ..... ###
...... ..#
###########......
...#
#..........{.....
...# #........@.#
..# #..........#
#.######..........#
.................?#
#.#####........>..#
#.#...............#
#.....#######...###
......# #..#..
#.##.## ...#.#


There were no monsters in sight!

Vanquished Creatures
  2 adders
  2 worms (D:2)
  4 dart slugs
  An orc (D:3)
  3 ball pythons (D:1)
  7 bats
  2 endoplasms
  A giant cockroach (D:1)
  3 goblins (D:2)
  3 hobgoblins (D:2)
  A quokka (D:1)
  A frilled lizard (D:1)
  4 kobolds
  4 rats
38 creatures vanquished.

Notes
Turn   | Place    | Note
-------+----------+-------------------------------------------
     0 | D:1      | qw the Gargoyle Fighter began the quest for the Orb.
     0 | D:1      | Reached XP level 1. HP: 14/14 MP: 1/1
     0 | D:1      | 0 ||| qw: Version: 0.2-a-13-gfc7b4b4
     0 | D:1      | 0 ||| qw: Game counter: 1805
     0 | D:1      | 0 ||| qw: Always use a shield: true
     0 | D:1      | 0 ||| qw: God list: Okawaru
     0 | D:1      | 0 ||| qw: Allow faded altars: false
     0 | D:1      | 0 ||| qw: Do Orc after D:15 true
     0 | D:1      | 0 ||| qw: Do second Lair branch before Depths: true
     0 | D:1      | 0 ||| qw: Lair rune preference: random
     0 | D:1      | 0 ||| qw: Plans: Normal, Zot:1-4, God:TSO, Crypt, Tomb,
                  | Pan, Slime:5, Hells, Abyss, Orb
     0 | D:1      | 0 ||| PLANNING D:1-11
   132 | D:1      | Reached XP level 2. HP: 19/19 MP: 2/2
   231 | D:1      | Found a faded altar of an unknown god.
   363 | D:1      | 363 ||| Stepping ~*~*~tactically~*~*~ (hiding).
   814 | D:1      | 814 ||| READING scroll labelled TONUPHEMAP.
   815 | D:1      | 815 ||| READING scroll labelled SIPABR QYRE.
   816 | D:1      | 816 ||| READING scroll labelled NYACZYA PEAHEF.
   856 | D:2      | Found a sparkling altar of Nemelex Xobeh.
   929 | D:2      | Reached skill level 3 in Axes
   968 | D:2      | Reached XP level 3. HP: 23/23 MP: 3/3
   985 | D:2      | Reached skill level 1 in Throwing
  1018 | D:2      | 1018 ||| DROPPING +1 whip of venom.
  1097 | D:2      | 1097 ||| FLEEEEING.
  1100 | D:2      | 1100 ||| Stepping ~*~*~tactically~*~*~ (hiding).
  1204 | D:2      | 1204 ||| Stepping ~*~*~tactically~*~*~ (stealth).
  1243 | D:2      | 1243 ||| DROPPING +3 vorpal hand axe.
  1287 | D:2      | 1287 ||| Stepping ~*~*~tactically~*~*~ (stealth).
  1288 | D:2      | 1288 ||| Stepping ~*~*~tactically~*~*~ (stealth).
  1293 | D:2      | 1293 ||| Stepping ~*~*~tactically~*~*~ (stealth).
  1385 | D:2      | Found a runed translucent door.
  1386 | D:2      | Noticed Crazy Yiuf
  1850 | D:2      | 1850 ||| READING scroll labelled BOERROSIGG.
  1851 | D:2      | 1851 ||| DRINKING 2 fuming red potions.
  1851 | D:2      | Gained mutation: You are partially covered in iridescent
                  | scales. (AC +2) [potion of mutation]
  1851 | D:2      | Gained mutation: You have sharp toenails. [potion of
                  | mutation]
  1886 | D:3      | Reached XP level 4. HP: 28/28 MP: 4/4
  1886 | D:3      | Found Oteyhol's Jewellery Shoppe.
  1890 | D:3      | 1890 ||| SHOPLISTING +4 ring of protection (396 gold, have
                  | 37).
  1890 | D:3      | 1890 ||| SHOPLISTING +6 ring of strength (396 gold, have
                  | 37).
  1890 | D:3      | 1890 ||| SHOPLISTING amulet of reflection (330 gold, have
                  | 37).
  1890 | D:3      | 1890 ||| SHOPLISTING ring of see invisible (165 gold, have
                  | 37).
  1927 | D:3      | Found a hide-covered altar of Uskayaw.
  2018 | D:3      | Noticed Sigmund
  2034 | D:3      | HP: 7/28 [something/magic dart (9)]
  2040 | D:3      | Slain by Sigmund

Levels and vault maps discovered:
D:1:      ncdulo_watergridlock, layout_loops_ring,
          hellmonk_ecumenical_altar_leap_of_faith
D:2:      layout_basic, basic_altar, serial_park_tiny_2, uniq_crazy_yiuf_cottage
D:3:      layout_rooms, eat_drink_and_be_merry_uskayaw, serial_shops,
          nicolae_shop_crystal, ebering_ghost_reflecting_pool,
          nicolae_figureground_sparkle, uniq_sigmund

Skill      XL: |  1  2  3 |
---------------+----------+-----
Axes           | 2 3 |  3.7
Throwing       | 1 |  1.0
Fighting       | |  3.2
Armour         | |  3.2
Shields        | |  3.2

Action                   |  1- 3 |  4- 6 || total
-------------------------+-------+-------++-------
Melee: War axe           |    80 |     4 ||    84
       Kick              |     1 |       ||     1
Throw: Javelin           |    22 |     6 ||    28
  Use: Scroll            |     4 |       ||     4
       Potion            |     1 |       ||     1
Armor: Scale mail        |    39 |    13 ||    52
Dodge: Dodged            |    18 |     1 ||    19
Block: Buckler           |    14 |     2 ||    16

Table legend:
 A = Non-vault XP
 B = Vault XP
 C = Vault XP percentage of total XP
 D = Non-vault monster count
 E = Vault monster count
 F = Vault count percentage of total count
                 A         B        C        D         E       F
            +---------+---------+-------+---------+---------+-------
      Total |     101 |       0 |   0.0 |      38 |       0 |   0.0
            +---------+---------+-------+---------+---------+-------
        D:1 |      27 |       0 |   0.0 |      15 |       0 |   0.0
        D:2 |      54 |       0 |   0.0 |      18 |       0 |   0.0
        D:3 |      20 |       0 |   0.0 |       5 |       0 |   0.0
            +---------+---------+-------+---------+---------+-------
